 Dungeon Crawl Stone Soup version 0.21-a0-442-g848f44b (webtiles) character file.

1109 Gildeon the Grave Robber (level 8, -23/52 HPs)
             Began as a Human Necromancer on Nov 16, 2017.
             Annihilated by an ogre
             ... wielding a +0 giant club
              (26 damage)
             ... on level 5 of the Dungeon.
             The game lasted 01:05:20 (6106 turns).

Gildeon the Grave Robber (Human Necromancer)        Turns: 6106, Time: 01:05:21

Health: -23/52     AC:  5    Str: 11    XL:     8   Next: 59%
Magic:  5/15       EV: 14    Int: 16    God:
Gold:   227        SH:  0    Dex: 13    Spells: 1/17 levels left

rFire    . . .     SeeInvis .   h - +2 dagger (distort)
rCold    . . .     Gourm    .   (no shield)
rNeg     . . .     Faith    .   a - +1 robe
rPois    +         Spirit   .   (no helmet)
rElec    .         Reflect  .   m - +1 cloak
rCorr    .         Harm     .   (no gloves)
MR       .....                  (no boots)
Stlth    +++.......             (no amulet)
HPRegen  0.17/turn              d - ring of poison resistance
MPRegen  0.14/turn              (no ring)

@: no status effects
A: repulsion field 1, no potion heal 1, MP-powered wands
a: no special abilities


You were on level 5 of the Dungeon.
You were not hungry.

You visited 2 branches of the dungeon, and saw 7 of its levels.

You collected 227 gold pieces.

Inventory:

Hand Weapons
 h - a +2 dagger of distortion (weapon)
 l - a +3 quarterstaff of chaos
Armour
 a - a +1 robe (worn)
 m - a +1 cloak (worn)
Jewellery
 d - a ring of poison resistance (left hand)
Wands
 q - a wand of paralysis (7/24)
Scrolls
 e - a scroll of recharging
 k - 6 scrolls of remove curse
Potions
 b - 2 potions of brilliance {unknown}
 i - a potion of curing
 j - a potion of heal wounds
 n - a potion of haste {unknown}
 p - a potion of might {unknown}
Comestibles
 c - 2 bread rations
 f - a royal jelly
 g - 14 fruits
 o - a meat ration


   Skills:
 - Level 0.1 Short Blades
 - Level 2.0 Dodging
 - Level 5.2 Stealth
 - Level 5.0 Spellcasting
 - Level 5.0 Charms
 - Level 5.3 Necromancy
 + Level 1.7 Evocations


You had one spell level left.
You knew the following spells:

 Your Spells              Type           Power        Failure   Level  Hunger
a - Pain                  Necr           ###.         1%          1    None
b - Animate Skeleton      Necr           N/A          1%          1    None
c - Vampiric Draining     Necr           ###.......   4%          3    ###....
d - Regeneration          Chrm/Necr      ###.......   5%          3    ###....
e - Animate Dead          Necr           N/A          17%         4    ####...
f - Control Undead        Necr           ###.......   17%         4    ####...


Dungeon Overview and Level Annotations

Branches:
Dungeon (6/15)             Temple (1/1) D:5

Altars:
Cheibriados
Dithmenos
Elyvilon
Fedhas
Gozag
Hepliaklqana
Nemelex Xobeh
Okawaru
Qazlal
Ru
Sif Muna
Trog
Uskayaw
Vehumet
Wu Jian
Xom
Yredelemnul
Zin
The Shining One


Innate Abilities, Weirdness & Mutations

You are surrounded by a mild repulsion field. (EV +2)
Potions are less effective at restoring your health.
You expend magic power (3 MP) to strengthen your wands.


Message History

The ogre shouts!
The ogre hits you with a giant club.
* * * LOW HITPOINT WARNING * * *
Your system partially rejects the healing.
You feel much better. The ogre hits you with a giant club!!
* * * LOW HITPOINT WARNING * * *
Casting: Pain
Confirm with . or Enter, or press ? or * to list all spells.
Aiming: Pain
Press: ? - help, Shift-Dir - straight line, f/p - ogre
Aim: an ogre, wielding a giant club (almost dead, chance to defeat MR: 80%)
The ogre barely resists.
The ogre barely misses you.
Casting: Pain
Confirm with . or Enter, or press ? or * to list all spells.
Aiming: Pain
Press: ? - help, Shift-Dir - straight line, f/p - ogre
Aim: an ogre, wielding a giant club (almost dead, chance to defeat MR: 80%)
The ogre writhes in agony!
The ogre hits you with a giant club!!
Ouch! That really hurt!
You die...

....###### (...##...# ....##.#.#
.......#.# ##### ########
###..###.### #...# #...(..####
)(#..# #)..# ##.(.###..........
#(#..# ###.#####..............###
#.#..#####....##O#######'####.# #
#.#.........#.##@##....#.####.# #
..................%>##.#......# #
#.###.#####.#.##.....#.#..#######
#.#...#####.#.##..........#.....#
#...........#.##.##.....#.#......
..........................###...#
#...........#.##.......#### #.###
#...........#.....^....# #.#
#.....................##### #.###


You could see an ogre.

Vanquished Creatures
  A sky beast (D:5)
  2 ogres (D:4)
  3 centaurs
  A big kobold (D:4)
  A scorpion (D:5)
  A crimson imp (D:5)
  A jelly (D:5)
  2 orc wizards
  4 hounds
  Crazy Yiuf (D:3)
  An orc priest (D:2)
  An iguana (D:5)
  A worker ant (D:4)
  A hound zombie (D:5)
  6 adders
  A shadow imp (D:5)
  An adder zombie (D:5)
  3 worms
  2 dart slugs
  2 leopard geckos
  10 orcs
  6 bats
  3 giant cockroaches
  2 hobgoblins
  5 jackals
  11 kobolds
  2 quokkas (D:2)
  A giant cockroach zombie (D:5)
  7 goblins
  A quokka skeleton (D:5)
  6 rats
90 creatures vanquished.

Vanquished Creatures (collateral kills)
  2 orcs (D:2)
  A goblin (D:2)
  A rat (D:1)
4 creatures vanquished.

Vanquished Creatures (others)
  A bullfrog skeleton (D:4)
1 creature vanquished.

Grand Total: 95 creatures vanquished

Notes
Turn   | Place    | Note
-------+----------+-------------------------------------------
     0 | D:1      | Gildeon the Human Necromancer began the quest for the Orb.
     0 | D:1      | Reached XP level 1. HP: 13/13 MP: 3/3
     2 | D:1      | Learned a level 1 spell: Animate Skeleton
   529 | D:1      | Reached XP level 2. HP: 19/19 MP: 2/5
  1066 | D:2      | Reached XP level 3. HP: 22/24 MP: 3/7
  1071 | D:2      | Learned a level 3 spell: Vampiric Draining
  1075 | D:2      | Learned a level 3 spell: Regeneration
  1191 | D:2      | Reached XP level 4. HP: 14/30 MP: 3/10
  1532 | D:2      | Reached XP level 5. HP: 22/35 MP: 0/11
  1959 | D:2      | Learned a level 4 spell: Animate Dead
  2226 | D:2      | Reached skill level 5 in Spellcasting
  2686 | D:3      | Found a runed door.
  2690 | D:3      | Noticed Crazy Yiuf
  2703 | D:3      | Killed Crazy Yiuf
  2703 | D:3      | Reached XP level 6. HP: 36/41 MP: 7/13
  3011 | D:3      | Found a hide-covered altar of Uskayaw.
  3058 | D:3      | Found an opulent altar of Gozag.
  3477 | D:4      | Noticed an ogre
  3483 | D:4      | Killed an ogre
  3483 | D:4      | Reached skill level 5 in Necromancy
  3643 | D:4      | Reached skill level 1 in Charms
  3781 | D:4      | Found a blossoming altar of Fedhas.
  3792 | D:4      | Found a stormy altar of Qazlal.
  3809 | D:4      | Reached XP level 7. HP: 46/46 MP: 12/14
  3816 | D:4      | Learned a level 4 spell: Control Undead
  4611 | D:5      | Entered Level 5 of the Dungeon
  4852 | D:5      | Reached skill level 5 in Charms
  4856 | D:5      | Gained mutation: You expend magic power (3 MP) to strengthen your wands. [mutagenic meat]
  4857 | D:5      | Gained mutation: You are surrounded by a mild repulsion field. (EV +2) [mutagenic meat]
  4858 | D:5      | Gained mutation: Potions are less effective at restoring your health. [mutagenic meat]
  5013 | D:5      | Reached XP level 8. HP: 52/52 MP: 15/15
  5205 | D:5      | Found a deep blue altar of Sif Muna.
  5205 | D:5      | Found a glowing golden altar of the Shining One.
  5206 | D:5      | Found a blossoming altar of Fedhas.
  5206 | D:5      | Found a snail-covered altar of Cheibriados.
  5211 | D:5      | Found a white marble altar of Elyvilon.
  5212 | D:5      | Found a glowing silver altar of Zin.
  5212 | D:5      | Found a glowing golden altar of the Shining One.
  5212 | D:5      | Found an ornate altar of the Wu Jian Council.
  5212 | D:5      | Found a hazy altar of Hepliaklqana.
  5212 | D:5      | Found a sacrificial altar of Ru.
  5212 | D:5      | Found a basalt altar of Yredelemnul.
  5212 | D:5      | Found a snail-covered altar of Cheibriados.
  5229 | D:5      | Found a staircase to the Ecumenical Temple.
  5635 | Temple   | Entered the Ecumenical Temple
  5798 | D:5      | Reached skill level 5 in Stealth
  5950 | D:6      | Reached skill level 1 in Evocations
  6106 | D:5      | Annihilated by an ogre

Vault maps used:
D:1:      dpeg_arrival_boxorama, minmay_misc_feat_diagonals, st_stairs_6
D:2:      minmay_door_square
D:3:      eat_drink_and_be_merry_uskayaw, first_bread, minmay_liquid_box,
          grunt_gozag_breadcrumbs, uniq_crazy_yiuf_cottage
D:4:      grunt_temple_overflow_forces_of_nature, minmay_misc_feat_columns
D:5:      temple_doors_ab
D:6:      overflow_temple_1_default, gammafunk_temple_overflow_forgotten
Temple:   regret_index_temple_waves

Skill      XL: |  1  2  3  4  5  6  7  8 |
---------------+-------------------------+-----
Spellcasting   | 3 4 5 |  5.0
Necromancy     | 5 |  5.3
Charms         | 2 5 |  5.0
Stealth        | 5 |  5.2
Evocations     | 1 |  1.7
Short Blades   | |  0.1
Dodging        | |  2.0

Action                   |  1- 3 |  4- 6 |  7- 9 || total
-------------------------+-------+-------+-------++-------
Melee: Club              |     7 |     1 |       ||     8
       Dagger            |       |    30 |    37 ||    67
 Cast: Pain              |    43 |    81 |    92 ||   216
       Animate Skeleton  |     2 |    20 |     7 ||    29
       Vampiric Draining |       |     6 |     5 ||    11
       Control Undead    |       |       |     8 ||     8
       Animate Dead      |       |       |     1 ||     1
       Regeneration      |       |       |     1 ||     1
  Use: Scroll            |     4 |     5 |     2 ||    11
       Potion            |     1 |       |     1 ||     2
  Eat: Chunk             |     1 |     6 |     4 ||    11
       Bread ration      |       |     1 |     2 ||     3
Armor: Robe              |       |    20 |    18 ||    38
Dodge: Dodged            |    12 |    40 |    75 ||   127

Table legend:
 A = Spawn XP
 B = Non-spawn XP
 C = Spawn XP percentage of total XP
 D = Spawn monster count
 E = Non-spawn monster count
 F = Spawn count percentage of total count
 G = Total turns spent on level
                    A         B        C        D         E        F      G
               +---------+---------+-------+---------+---------+-------+---------
         Total |       0 |    1585 |   0.0 |       0 |      92 |   0.0 |  6106
               +---------+---------+-------+---------+---------+-------+---------
           D:1 |       0 |      29 |   0.0 |       0 |      17 |   0.0 |  1399
           D:2 |       0 |     189 |   0.0 |       0 |      33 |   0.0 |   887
           D:3 |       0 |      78 |   0.0 |       0 |      10 |   0.0 |  1343
           D:4 |       0 |     560 |   0.0 |       0 |      16 |   0.0 |  1123
           D:5 |       0 |     615 |   0.0 |       0 |      14 |   0.0 |  1194
           D:6 |       0 |     114 |   0.0 |       0 |       2 |   0.0 |    33
               +---------+---------+-------+---------+---------+-------+---------
